 Dungeon Crawl Stone Soup version 0.25-a0-815-gab441bd002 (webtiles) character file.

Game seed: 15214991958367854426, levelgen mode: deterministic

832 Conn the Sneak (level 7, -3/42 (43) HPs)
             Began as an Octopode Wizard on Apr 20, 2020.
             Engulfed by a cloud of freezing vapour (9 damage)
             ... on level 5 of the Dungeon.
             The game lasted 00:19:50 (5344 turns).

Conn the Sneak (Octopode Wizard)                    Turns: 5344, Time: 00:19:51

HP:   -3/42 (43)    AC:  2    Str:  9      XL:     7   Next: 98%
MP:   10/14         EV: 13    Int: 22 (23) God:
Gold: 273           SH:  0    Dex: 10      Spells: 5/16 levels left

rFire    x . .     SeeInvis .   k - +5 dagger
rCold    + . .     Gourm    .   (no shield)
rNeg     . . .     Faith    +   a - +1 hat
rPois    .         Spirit   .   j - amulet of faith
rElec    .         Reflect  .   m - +3 ring of strength
rCorr    .         Harm     .   A - ring of ice
MR       .....                  (no ring)
Stlth    ++........             (no ring)
HPRegen  0.14/turn              (no ring)
MPRegen  0.14/turn              (no ring)
                                (no ring)
                                (no ring)

@: confused
A: almost no armour, stealthy swim, amphibious, 8 rings, constrict 8, camouflage
1, gelatinous body 1
a: no special abilities


You were on level 5 of the Dungeon.
You were very hungry.

You visited 1 branch of the dungeon, and saw 6 of its levels.

You collected 273 gold pieces.

Inventory:

Hand Weapons
 d - a +0 dagger
 h - a +0 dagger of venom
 k - a +5 dagger (weapon)
Missiles
 f - 22 sling bullets
Armour
 a - a +1 hat (worn)
 s - a +2 buckler
Jewellery
 j - an amulet of faith (around mantle)
 m - a +3 ring of strength (left tentacle)
 A - a ring of ice (right tentacle)
Wands
 p - a wand of disintegration (7)
Scrolls
 b - 3 scrolls of enchant armour
 g - 5 scrolls of identify
 r - 3 scrolls of teleportation
 t - 3 scrolls of amnesia
 x - a scroll of remove curse
 y - 2 scrolls of fog
 z - a scroll of magic mapping {unknown}
 B - a scroll of fear {unknown}
Potions
 e - 3 potions of flight
 i - 2 potions of brilliance
 n - 4 potions of degeneration
 o - a potion of haste
 q - a potion of curing {unknown}
 u - 2 potions of resistance
 v - a potion of might {unknown}
 w - a potion of stabbing {unknown}
Comestibles
 c - 8 rations


   Skills:
 + Level 1.0 Fighting
 + Level 2.4 Short Blades
 + Level 2.8 Dodging
 - Level 6.2 Stealth
 * Level 5.2 Spellcasting
 * Level 4.4 Conjurations
 + Level 1.0 Summonings
 + Level 1.1 Translocations
 + Level 0.2 Fire Magic
 + Level 0.3 Air Magic
 + Level 0.3 Poison Magic
 + Level 0.2 Evocations


You had 5 spell levels left.
You knew the following spells:

 Your Spells              Type           Power        Failure   Level  Hunger
a - Magic Dart            Conj           ####         1%          1    None
b - Blink                 Tloc           N/A          10%         2    None
c - Call Imp              Summ           ##......     10%         2    None
d - Conjure Flame         Conj/Fire      ###.....     12%         3    ##.....
e - Mephitic Cloud        Conj/Pois/Air  ##......     14%         3    ##.....

Your spell library contained the following spells:

 Spells                   Type           Power        Failure   Level  Hunger
 Slow                     Hex            #.......     16%         2    None


Dungeon Overview and Level Annotations

Branches:
Dungeon (6/15)
 Temple: D:4-7

Altars:
Gozag

Shops:
D:5 *

Annotations:
D:5 1 transporter


Innate Abilities, Weirdness & Mutations

You cannot wear most types of armour.
You are very stealthy in the water. (Stealth+)
You are amphibious.
You can wear up to eight rings at the same time.
You can use your tentacles to constrict eight enemies at once.
Your skin changes colour to match your surroundings (Stealth+).
Your rubbery body absorbs attacks. (AC +1, EV +1)


Message History

Press: ? - help, Shift-Dir - straight line, f - ice beast, p - ice beast
Aim: an ice beast (heavily wounded, chance to defeat MR: 65%)
The ice beast struggles to resist.
The ice beast hits you. The ice beast freezes you. You resist.
Casting: Magic Dart (safe; 1% risk of failure)
Confirm with . or Enter, or press ? or * to list all spells.
You blink.
You are engulfed in freezing vapours.
You resist.
Casting: Blink (safe; 10% risk of failure)
Confirm with . or Enter, or press ? or * to list all spells.
You blink.
You are engulfed in freezing vapours.
You resist.
* * * LOW HITPOINT WARNING * * *
Unknown command.
Okay, then.
Okay, then.
Okay, then.
Unknown command.
It was a potion of ambrosia.
You are confused.
You feel invigorated.
You are engulfed in freezing vapours.
You resist.
You die...

##.....#°○°....#........
##....#○.○○○.○####.####
######.○#©#.°#.##.#...
#☼○§).○○#.##...##
#.○#Y#Y☼#....###
#.○...☼°#.##.####
####○Y'####.......
#°○☼○☼☼°○○#...####
#@°○○☼○○○○##.[##
#°°○...○○.##...###
#○☼☼$($°☼☼##.#.##.
#○○○$©[°☼○#......[
###########......#
##.©.#..........
#...#.(.)......
##.##..........
#.............


You could see 2 ice beasts.

Vanquished Creatures
  A necrophage (D:5)
  A phantom (D:5)
  An ogre (D:5)
  A scorpion (D:5)
  A howler monkey (D:5)
  A crimson imp (D:3)
  2 jellies (D:2)
  2 orc priests (D:4)
  A bullfrog zombie (D:5)
  3 orc wizards
  A worker ant (D:5)
  4 adders
  8 oozes
  2 worms
  13 dart slugs
  A leopard gecko (D:1)
  6 orcs
  3 giant cockroaches
  8 goblins
  7 hobgoblins
  3 quokkas
  8 bats
  2 frilled lizards (D:1)
  16 kobolds
  8 rats
104 creatures vanquished.

Vanquished Creatures (collateral kills)
  An adder (D:3)
  A leopard gecko (D:3)
  A quokka (D:3)
3 creatures vanquished.

Vanquished Creatures (others)
  10 toadstools (D:2)
10 creatures vanquished.

Grand Total: 117 creatures vanquished

Notes
Turn   | Place    | Note
-------+----------+-------------------------------------------
     0 | D:1      | Conn the Octopode Wizard began the quest for the Orb.
     0 | D:1      | Reached XP level 1. HP: 11/11 MP: 4/4
   170 | D:1      | Reached skill level 3 in Stealth
   170 | D:1      | Reached XP level 2. HP: 4/17 MP: 0/6
   760 | D:1      | Learned a level 2 spell: Blink
   763 | D:1      | Learned a level 2 spell: Call Imp
   912 | D:1      | Reached XP level 3. HP: 21/21 MP: 7/7
  1342 | D:2      | Reached skill level 4 in Stealth
  1765 | D:2      | Learned a level 3 spell: Conjure Flame
  1794 | D:3      | Reached XP level 4. HP: 27/27 MP: 9/9
  1830 | D:3      | Reached skill level 5 in Stealth
  2081 | D:3      | Reached skill level 1 in Short Blades
  2372 | D:3      | Reached XP level 5. HP: 20/31 MP: 3/10
  3002 | D:2      | Reached skill level 6 in Stealth
  3002 | D:2      | Reached XP level 6. HP: 5/37 MP: 0/11
  3690 | D:4      | Learned a level 3 spell: Mephitic Cloud
  4085 | D:5      | Entered Level 5 of the Dungeon
  4105 | D:5      | Reached XP level 7. HP: 42/42 MP: 13/13
  4144 | D:5      | Found Gozag's Platinum Reserve.
  4148 | D:5      | Found an opulent altar of Gozag.
  4666 | D:5      | Found a transporter.
  4720 | D:5      | Reached skill level 1 in Fighting
  4720 | D:5      | Reached skill level 5 in Spellcasting
  4896 | D:5      | Got a slimy hand axe
  4897 | D:5      | Identified the +9 hand axe "Gulotyng" {antimagic, rElec rC-
                  | Dex+3 SInv} (You found it on level 5 of the Dungeon)
  5256 | D:5      | Found a transporter.
  5344 | D:5      | Engulfed by a cloud of freezing vapour

Levels and vault maps discovered:
D:1:      lightli_arrival_boilingwater, layout_basic, minmay_cupped
D:2:      cheibrodos_fertilizer, layout_loops_ring, first_ration
D:3:      layout_basic, minivault_27
D:4:      kennysheep_slugbush, layout_basic, chequers_serial_rivers_small_a
D:5:      gammafunk_cloud_chamber, layout_rooms, nicolae_gozag_zags_fifth_avenue
D:6:      layout_cave_pods, lemuel_crystal_altar, temple_fountains

Skill      XL: |  1  2  3  4  5  6  7 |
---------------+----------------------+-----
Stealth        | 3 4 5 6 |  6.2
Short Blades   | 1 2 |  2.4
Conjurations   | 2 4 |  4.4
Spellcasting   | 4 5 |  5.2
Fighting       | 1 |  1.0
Dodging        | |  2.8
Summonings     | |  1.0
Translocations | |  1.1
Fire Magic     | |  0.2
Air Magic      | |  0.3
Poison Magic   | |  0.3
Evocations     | |  0.2

Action                   |  1- 3 |  4- 6 |  7- 9 || total
-------------------------+-------+-------+-------++-------
Melee: Dagger            |    45 |    98 |    25 ||   168
       Constrict         |     8 |    23 |     3 ||    34
       Tentacles         |     4 |    10 |     2 ||    16
 Cast: Magic Dart        |    27 |    42 |    41 ||   110
       Call Imp          |       |     2 |       ||     2
       Conjure Flame     |       |     3 |       ||     3
       Mephitic Cloud    |       |     2 |     4 ||     6
       Blink             |       |       |     4 ||     4
Evoke: Wand              |       |       |     6 ||     6
  Use: Scroll            |     1 |     7 |     2 ||    10
       Potion            |       |       |     4 ||     4
 Stab: Sleeping          |    14 |    15 |     3 ||    32
       Confused          |       |     2 |       ||     2
  Eat: Chunk             |     2 |     8 |     3 ||    13
Armor: Skin              |     7 |     2 |     4 ||    13
Dodge: Dodged            |    25 |    33 |    12 ||    70

Table legend:
 A = Non-vault XP
 B = Vault XP
 C = Vault XP percentage of total XP
 D = Non-vault monster count
 E = Vault monster count
 F = Vault count percentage of total count
                 A         B        C        D         E       F
            +---------+---------+-------+---------+---------+-------
      Total |     995 |     194 |  16.3 |      77 |      30 |  28.0
            +---------+---------+-------+---------+---------+-------
        D:1 |      29 |       5 |  14.7 |      17 |       2 |  10.5
        D:2 |      38 |     149 |  79.7 |      14 |      18 |  56.2
        D:3 |     124 |       0 |   0.0 |      25 |       0 |   0.0
        D:4 |     144 |      40 |  21.7 |       9 |      10 |  52.6
        D:5 |     660 |       0 |   0.0 |      12 |       0 |   0.0
            +---------+---------+-------+---------+---------+-------
